 Dungeon Crawl Stone Soup version 0.22-a0-443-g17c3723 (webtiles) character file.

35 Gorglomux the Skirmisher (level 3, -5/24 HPs)
             Began as a Gargoyle Berserker on June 1, 2018.
             Was a Follower of Trog.
             Slain by Gorglomux's ghost (11 damage)
             ... on level 3 of the Dungeon.
             The game lasted 00:00:22 (750 turns).

Gorglomux the Skirmisher (Gargoyle Berserker)        Turns: 750, Time: 00:00:23

Health: -5/24      AC:  5    Str: 21    XL:     3   Next: 33%
Magic:  3/3        EV: 12    Int:  7    God:    Trog [*.....]
Gold:   76         SH:  0    Dex:  9    Spells: 2/2 levels left

rFire    . . .     SeeInvis .   a - +0 hand axe
rCold    . . .     Gourm    .   (no shield)
rNeg     + . .     Faith    .   b - +0 animal skin
rPois    ∞         Spirit   .   (no helmet)
rElec    +         Reflect  .   (no cloak)
rCorr    .         Harm     .   (no gloves)
MR       .....                  (no boots)
Stlth    +.........             (no amulet)
HPRegen  0.08/turn              (no ring)
MPRegen  0.08/turn              (no ring)

@: berserk cooldown, slowed, very slow
A: negative energy resistance 1, electricity resistance, unbreathing,
petrification resistance, rot immunity, AC +3
a: Berserk, Renounce Religion


You were on level 3 of the Dungeon.
You worshipped Trog.
Trog was aware of your devotion.
You were not hungry.

You visited 1 branch of the dungeon, and saw 3 of its levels.

You collected 76 gold pieces.

Inventory:

Hand Weapons
 a - a +0 hand axe (weapon)
Armour
 b - a +0 animal skin (worn)
Scrolls
 e - 3 scrolls of identify {unknown}
 h - 3 scrolls of enchant weapon {unknown}
 i - a scroll of teleportation {unknown}
Potions
 f - a potion of lignification {unknown}
Comestibles
 c - 2 rations


   Skills:
 + Level 3.8 Fighting
 + Level 3.1 Axes
 + Level 2.9 Armour
 - Level 1.5 Dodging


You had 2 spell levels left.
You didn't know any spells.
Your spell library was empty.

Dungeon Overview and Level Annotations

Branches:
Dungeon (3/15)

Altars:

Annotations:
D:3 Gorglomux's ghost, amateur DDFi


Innate Abilities, Weirdness & Mutations

You are resistant to torment.
Your stone body is resilient. (AC +3)
You are immune to poison.
You resist negative energy. (rN+)
You are resistant to electric shocks. (rElec)
You can survive without breathing.
You are immune to petrification.
You are immune to rotting.


Message History

Gorglomux's ghost butts you!
You chop Gorglomux's ghost into pieces!!!
Gorglomux's ghost butts moderately damaged!
Gorglomux's ghost barely misses you!
You open Gorglomux's butt like a pillowcase!!!
Gorglomux's ghost is heavily damaged!
Gorglomux's ghost lets out a mournful wail!
Gorglomux's ghost hits butt!!! * * * butt't die
* * * You butt too injured to fight butt-ly!!!
You closely miss Gorglomux's ghost!
Gorglomux's ghost is heavily damaged!
You are too injured to fight recklessly!!!
You are too injured to fight recklessly!!!
You barely miss Gorglomux's ghost!
Gorglomux's ghost is heavily damaged!
You butt no longer berserk!
You are exhausted!
You feel yourself butt down!
Gorglomux's ghost hits butt!!! rip

#. ##. ##.. .. ...
#.# .. #.# #.## #.#
#.W# #.# #@# #.# #.#
####.########.######
#.>.(..(..)........#
#.##(########.####...
#.# #.# #.# #.#
#.##### #.# #
#.#...####.##


You could see Gorglomux's ghost.

Vanquished Creatures
  2 adders (D:2)
  A worm (D:2)
  A dart slug (D:1)
  2 giant cockroaches (D:2)
  3 goblins
  A hobgoblin (D:1)
  2 rats (D:2)
12 creatures vanquished.

Notes
Turn   | Place    | Note
-------+----------+-------------------------------------------
     0 | D:1      | Gorglomux the Gargoyle Berserker began the quest for the Orb.
     0 | D:1      | Reached XP level 1. HP: 14/14 MP: 1/1
   354 | D:2      | Reached XP level 2. HP: 17/19 MP: 2/2
   431 | D:2      | Reached skill level 3 in Axes
   431 | D:2      | Reached XP level 3. HP: 24/24 MP: 3/3
   736 | D:3      | Noticed Gorglomux's ghost (amateur DDFi)
   750 | D:3      | Slain by Gorglomux's ghost

Vault maps used:
D:1:      mrwooster_arrival_statue
D:2:      cheibrodos_helix_gallery, makhleb_altar_promises_db
D:3:      kennysheep_ying_yang, first_ration, hangedman_decor_slide_cut,
          uniq_jessica, uniq_natasha, uniq_terence, uniq_robin

Skill      XL: |  1  2 |
---------------+-------+-----
Axes           | 3 |  3.1
Fighting       | |  3.8
Armour         | |  2.9
Dodging        | |  1.5

Action                   || total
-------------------------++-------
Melee: Hand axe          ||    45
Invok: Berserk           ||     2
  Eat: Chunk             ||     1
Armor: Animal skin       ||    16
Dodge: Dodged            ||    26

Table legend:
 A = Spawn XP
 B = Non-spawn XP
 C = Spawn XP percentage of total XP
 D = Spawn monster count
 E = Non-spawn monster count
 F = Spawn count percentage of total count
 G = Total turns spent on level
                    A         B        C        D         E        F      G
               +---------+---------+-------+---------+---------+-------+---------
         Total |       0 |      50 |   0.0 |       0 |      12 |   0.0 |   750
               +---------+---------+-------+---------+---------+-------+---------
           D:1 |       0 |       8 |   0.0 |       0 |       3 |   0.0 |   347
           D:2 |       0 |      38 |   0.0 |       0 |       7 |   0.0 |   367
           D:3 |       0 |       4 |   0.0 |       0 |       2 |   0.0 |    36
               +---------+---------+-------+---------+---------+-------+---------
